 Dungeon Crawl Stone Soup version 0.28-b1-1-g3c77fb2ed1 (webtiles) character file.

Game seed: 5338162660464443857

12068 Minsecho the Severer (level 11, -1/101 HPs)
             Began as a Hill Orc Fighter on Jan 29, 2022.
             Was a High Priest of Okawaru.
             Slain by a wraith (3 damage)
             ... while paralysed by a hornet
             ... on level 11 of the Dungeon.
             The game lasted 00:26:18 (15223 turns).

Minsecho the Severer (Hill Orc Fighter)            Turns: 15223, Time: 00:26:18

Health: -1/101     AC: 11    Str: 20    XL:     11   Next: 87%
Magic:  0/11       EV:  2    Int: 10    God:    Okawaru [*****.]
Gold:   975        SH:  0    Dex: 12    Spells: 10/10 levels left

rFire   . . .      SeeInvis .   m - +1 war axe (pain)
rCold   . . .      Faith    .   c - +0 buckler
rNeg    . . .      Spirit   +   s - +2 steam dragon scales
rPois   .          Reflect  .   (no helmet)
rElec   .          Harm     .   J - +0 cloak
rCorr   +          Rampage  .   g - +0 pair of gloves
Will    .....                   (no boots)
Stlth   ++........              j - amulet of guardian spirit
HPRegen 0.26/turn               i - +4 ring of evasion
MPRegen 0.12/turn               p - ring of resist corrosion

@: paralysed, lethally poisoned (-1 -> -13), slowed
A: no striking features
a: Renounce Religion, Heroism, Finesse, Duel


You were on level 11 of the Dungeon.
You worshipped Okawaru.
Okawaru was extremely pleased with you.
You visited 2 branches of the dungeon, and saw 12 of its levels.
You also visited: Sewer and Ossuary.

You collected 1008 gold pieces.
You spent 33 gold pieces at shops.

Inventory:

Hand Weapons
 m - a +1 war axe of pain (weapon)
 z - a +2 rapier of speed
Armour
 c - a +0 buckler (worn)
 g - a +0 pair of gloves (worn)
 s - +2 steam dragon scales (worn)
 J - a +0 cloak (worn)
Jewellery
 i - a +4 ring of evasion (left hand)
 j - an amulet of guardian spirit (around neck)
 p - a ring of resist corrosion (right hand)
 O - a ring of wizardry
Wands
 d - a wand of mindburst (1)
 K - a wand of iceblast (6)
 M - a wand of flame (7)
Scrolls
 f - 2 scrolls of fog
 l - 3 scrolls of immolation
 n - 2 scrolls of noise
 o - 7 scrolls of enchant weapon
 w - a scroll of vulnerability
 x - a scroll of holy word {unknown}
 y - 3 scrolls of fear {unknown}
 G - a scroll of magic mapping {unknown}
 N - a scroll of teleportation {unknown}
Potions
 e - 8 potions of attraction
 h - a potion of lignification
 k - a potion of cancellation
 q - a potion of magic
 r - 2 potions of invisibility
 t - 4 potions of curing
 u - a potion of mutation
 v - a potion of degeneration
 A - 2 potions of ambrosia
 B - 2 potions of heal wounds
 C - a potion of brilliance
 D - a potion of resistance
 E - a potion of flight
 I - 3 potions of might
Miscellaneous
 H - a piece from Xom's chessboard (15/15)


   Skills:
 + Level 10.5 Fighting
 + Level 16.4 Axes
 + Level 8.0 Armour
 + Level 4.6 Dodging
 - Level 1.0 Stealth
 + Level 7.3 Shields
 + Level 1.1 Invocations


You had 10 spell levels left.
You didn't know any spells.
Your spell library contained the following spells:

 Spells                   Type           Power      Damage    Failure   Level
 Magic Dart               Conj           0%         1d3       43%         1
 Searing Ray              Conj           0%         2d4       56%         2
 Conjure Flame            Conj/Fire      0%         6-21      80%         3
 Ignite Poison            Fire/Tmut/Pois 0%         N/A       80%         3
 Mephitic Cloud           Conj/Pois/Air  0%         N/A       80%         3
 Ozocubu's Armour         Ice            0%         N/A       80%         3
 Cause Fear               Hex            0%         N/A       99%         4
 Fulminant Prism          Conj/Hex       0%         3d6       99%         4
 Sticky Flame             Conj/Fire      0%         2d3       99%         4
 Dragon Form              Tmut           0%         N/A       100%        7
 Ozocubu's Refrigeration  Ice            0%         4d5       100%        7
 Call Imp                 Summ           Unusable   N/A       N/A         2
 Dragon's Call            Summ           Unusable   N/A       N/A         9

Dungeon Overview and Level Annotations

Branches:
Dungeon (11/15)            Temple (1/1) D:5            Lair (0/6) D:10
  Sewer (visited)         Ossuary (visited)
    Orc: D:9-12

Altars:
Ashenzari
Cheibriados
Dithmenos
Elyvilon
Fedhas
Gozag
Hepliaklqana
Kikubaaqudgha
Makhleb
Nemelex Xobeh
Okawaru
Qazlal
Ru
Sif Muna
Trog
Uskayaw
Vehumet
Wu Jian
Xom
Yredelemnul
Zin
The Shining One

Shops:
D:2 !   D:9 (

Annotations:
D:9 3 runed translucent doors, AlmostDecent's ghost, novice GnAE


Message History

The wraith misses you.
You hit the wraith.
The wraith is heavily damaged.
You hit the gargoyle.
A hornet comes into view.
You block the wraith's attack. The gargoyle misses you.
Unknown command.
The hornet buzzes angrily.
You hit the wraith but do no damage.
The wraith is heavily damaged.
You hit the gargoyle. The wraith misses you. The gargoyle closely misses you.
The wraith closely misses you.
Unknown command.
You slash the wraith!
The wraith is almost destroyed.
You hit the gargoyle.
The gargoyle hits you with a +0 dire flail!
The wraith barely misses you.
Unknown command.
You hit the wraith but do no damage.
The wraith is almost destroyed.
You hit the gargoyle. You barely miss the hornet.
You block the hornet's attack.
The gargoyle hits you but does no damage.
The wraith closely misses you. The hornet stings you!
You are poisoned.
You feel as though you will be slow longer.
You feel better. The hornet stings you!
You feel as though you will be slow longer.
The gargoyle barely misses you. The wraith misses you.
The hornet completely misses you. You block the gargoyle's attack.
The hornet stings you!
* * * LOW HITPOINT WARNING * * *
You are poisoned.
You suddenly lose the ability to move!
The gargoyle hurls a stone arrow at you.
The stone arrow hits you!!
* * * LOW HITPOINT WARNING * * *
The wraith hits you.
You die...

#. #.
###.######
##........#
..........#
#....9)..#
#....).y.#
#.....W@.#
#######.##
#..# #.##
#.#
######.###
#.<......#
#........#
###........#
.


You could see a hornet, a wraith and a gargoyle.

Vanquished Creatures
  A catoblepas (D:9)
  Maurice (D:8)
  Maggie (D:7)
  An unseen horror (D:7)
  2 trolls
  23 yaks
  Eustachio (D:5)
  2 vampire mosquitoes (D:9)
  Menkaure (D:7)
  A steam dragon (D:6)
  An acid dragon (D:10)
  2 water moccasins (D:9)
  An ice beast (D:5)
  5 orc warriors
  3 black bears (D:10)
  3 sky beasts
  2 necrophages (D:6)
  2 ogres (D:5)
  5 centaurs
  A phantom (D:5)
  2 scorpions (D:4)
  6 bullfrogs
  A wyvern zombie (D:8)
  An elf skeleton (D:8)
  2 water moccasin zombies (D:6)
  14 wights
  3 killer bees (D:8)
  8 howler monkeys
  2 bullfrog zombies (D:6)
  A human zombie (D:6)
  5 centaur zombies
  6 hounds
  2 bullfrog skeletons
  5 orc priests
  7 jellies
  2 gnoll shamans
  2 iguanas
  5 orc wizards
  4 human skeletons (D:8)
  2 killer bee zombies (D:6)
  2 hound skeletons (D:4)
  9 mummies
  A howler monkey zombie (D:8)
  9 gnolls
  2 river rats
  9 adders
  A shadow imp (D:6)
  A white imp (D:8)
  An ufetubus (D:5)
  2 worms
  2 dart slugs
  30 orcs
  14 ball pythons
  16 endoplasms
  6 giant cockroaches
  2 gnoll zombies (Ossuary)
  6 goblins
  5 hobgoblins
  4 jackals
  6 kobolds
  2 quokkas
  3 bats
  8 frilled lizards
  A hobgoblin zombie (Ossuary)
  3 kobold zombies (Ossuary)
  3 orc zombies
  7 rats
294 creatures vanquished.

Vanquished Creatures (others)
  An orc (D:9)
  21 fungi (D:10)
  38 plants
60 creatures vanquished.

Grand Total: 354 creatures vanquished

Notes
Turn   | Place    | Note
-------+----------+-------------------------------------------
     0 | D:1      | Minsecho the Hill Orc Fighter began the quest for the Orb.
     0 | D:1      | Reached XP level 1. HP: 19/19 MP: 1/1
   223 | D:1      | Reached XP level 2. HP: 22/27 MP: 2/2
   344 | D:1      | Found a faded altar of an unknown god.
   365 | D:1      | Reached skill level 3 in Axes
   365 | D:1      | Reached XP level 3. HP: 23/33 MP: 3/3
  1368 | D:2      | Reached XP level 4. HP: 37/40 MP: 4/4
  1715 | D:2      | Found a radiant altar of Vehumet.
  1822 | D:2      | Found Kercholuv's Distillery.
  1830 | D:2      | Bought a potion of curing for 33 gold pieces
  2074 | D:2      | Reached skill level 4 in Axes
  2270 | D:3      | Reached XP level 5. HP: 30/46 MP: 5/5
  2525 | D:3      | Found a shimmering blue altar of Sif Muna.
  2678 | D:3      | Found a glowing drain.
  2687 | Sewer    | Entered a sewer
  2927 | Sewer    | Reached skill level 5 in Axes
  2975 | Sewer    | Reached XP level 6. HP: 42/53 MP: 6/6
  3038 | Sewer    | Found a viscous altar of Jiyva.
  3056 | Sewer    | Reached skill level 6 in Axes
  3739 | D:4      | Found a broken altar of Ashenzari.
  4005 | D:4      | Reached XP level 7. HP: 38/60 MP: 3/7
  4153 | D:4      | Reached skill level 5 in Armour
  4201 | D:4      | Reached skill level 7 in Axes
  4201 | D:4      | Reached skill level 1 in Dodging
  4360 | D:4      | Reached skill level 5 in Fighting
  4423 | D:5      | Entered Level 5 of the Dungeon
  4908 | D:5      | Reached skill level 8 in Axes
  4927 | D:4      | Reached XP level 8. HP: 57/69 MP: 5/8
  5389 | D:5      | Found a snail-covered altar of Cheibriados.
  5602 | D:5      | Noticed Eustachio
  5708 | D:5      | Killed Eustachio
  5709 | D:5      | Reached skill level 9 in Axes
  5709 | D:5      | Reached skill level 5 in Shields
  6035 | D:5      | Found a staircase to the Ecumenical Temple.
  6263 | Temple   | Entered the Ecumenical Temple
  6357 | Temple   | Became a worshipper of Warmaster Okawaru
  7212 | D:6      | Reached skill level 10 in Axes
  7299 | D:6      | Reached XP level 9. HP: 27/78 MP: 4/9
  7689 | D:6      | Found a sparkling altar of Nemelex Xobeh.
  7814 | D:6      | Reached skill level 11 in Axes
  8147 | D:6      | Reached * piety under Okawaru
  8451 | D:6      | Found an ancient bone altar of Kikubaaqudgha.
  9218 | D:7      | Killed an unseen horror
  9219 | D:7      | Reached skill level 12 in Axes
  9393 | D:7      | Reached ** piety under Okawaru
  9409 | D:7      | HP: 1/70 [wight (17)]
  9895 | D:7      | Noticed Maggie
  9986 | D:6      | Reached XP level 10. HP: 75/80 MP: 8/10
 10021 | D:7      | Killed Maggie
 10399 | D:7      | Noticed Menkaure
 10410 | D:7      | Killed Menkaure
 10756 | D:8      | Found a sand-covered staircase.
 10768 | Ossuary  | Entered an ossuary
 11044 | D:8      | Identified the +2 leather armour of Siag {rPois}
 11176 | D:8      | Reached *** piety under Okawaru
 11177 | D:8      | Reached skill level 13 in Axes
 11350 | D:8      | Noticed Maurice
 11396 | D:8      | Killed Maurice
 11876 | D:8      | Identified the +0 leather armour "Sixtuoc" {+Inv rN+ Int+4}
 11896 | D:8      | Reached skill level 1 in Stealth
 11933 | D:9      | Noticed a catoblepas
 11974 | D:9      | Found Wouzxil's Weapon Shoppe.
 11978 | D:9      | Found a runed translucent gate.
 11979 | D:9      | Found a runed translucent gate.
 11980 | D:9      | Found a runed translucent gate.
 11996 | D:9      | Reached **** piety under Okawaru
 12002 | D:9      | Reached skill level 14 in Axes
 12690 | D:9      | Reached XP level 11. HP: 71/97 MP: 6/11
 12969 | D:9      | Reached skill level 15 in Axes
 13340 | D:9      | Killed a catoblepas
 13340 | D:9      | Reached ***** piety under Okawaru
 13513 | D:9      | Noticed AlmostDecent's ghost (novice GnAE)
 13566 | D:10     | Entered Level 10 of the Dungeon
 13571 | D:10     | Reached skill level 1 in Invocations
 13573 | D:10     | Found a staircase to the Lair.
 13911 | D:10     | Reached skill level 10 in Fighting
 13987 | D:10     | Received a gift from Okawaru
 13988 | D:10     | Reached skill level 16 in Axes
 14599 | D:10     | Found a bloodstained altar of Trog.
 14601 | D:10     | Found a stormy altar of Qazlal.
 14736 | D:10     | Found a burning altar of Makhleb.
 15223 | D:11     | Paralysed by a hornet for 3 turns
 15223 | D:11     | HP: 2/101 [gargoyle/stone arrow (21)]
 15223 | D:11     | Slain by a wraith

Illustrated notes

Levels and vault maps discovered:
D:1:      dpeg_arrival_concentric_ovals, layout_basic,
          hellmonk_ecumenical_altar_pennies_from_heaven, minmay_tromino_v4_a
D:2:      layout_loops_ring, serial_shops, shop, basic_altar,
          serial_bayou_ford_a
D:3:      layout_basic, nicolae_sif_muna_little_library,
          cheibrodos_sewer_entry_sluice
D:4:      layout_basic, kennysheep_mini_moat, ebering_dispersal_statue_hall,
          wad_floor_pattern_2
D:5:      layout_loops_ring, slow_altar_1, temple_hall, uniq_eustachio
D:6:      layout_loops_ring, lemuel_mausoleum_altar_kikubaaqudgha,
          nemelex_diamond_rough_becter, minmay_crystal_water
D:7:      layout_cave_pools, uniq_menkaure, uniq_maggie
D:8:      layout_gridville, nicolae_ossuary_entry_catacombs, uniq_maurice
D:9:      layout_cave_pools, serial_shops, shop_coins, gammafunk_ghost_icy
D:10:     layout_irregular_city, grunt_temple_overflow_open,
          due_lair_maze_entry_diamond
D:11:     layout_roguey, david_orc_3
Temple:   eino_temple_water

Skill      XL: |  1  2  3  4  5  6  7  8  9 10 11 |
---------------+----------------------------------+-----
Fighting       | 4 5 6 7 9 10 | 10.5
Axes           | 3 4 5 6 8 10 12 14 16 | 16.4
Armour         | 4 5 6 7 8 |  8.0
Shields        | 4 5 6 7 |  7.3
Dodging        | 1 2 3 4 |  4.6
Stealth        | 1 |  1.0
Invocations    | 1 |  1.1

Action                   |  1- 3 |  4- 6 |  7- 9 | 10-12 || total
-------------------------+-------+-------+-------+-------++-------
Melee: War axe           |    92 |   194 |   469 |   469 ||  1224
Invok: Heroism           |       |       |       |     2 ||     2
  Use: Scroll            |       |       |    14 |     8 ||    22
       Potion            |       |       |     5 |     2 ||     7
 Stab: Sleeping          |       |       |       |     2 ||     2
       Distracted        |       |       |       |     1 ||     1
Armor: Scale mail        |    61 |    83 |   147 |     1 ||   292
       Steam dragon scal |       |       |       |   127 ||   127
Dodge: Dodged            |    48 |   113 |   291 |   305 ||   757
Block: Buckler           |    16 |    46 |   125 |   116 ||   303
